 Dungeon Crawl Stone Soup version 0.25-a0-742-gbe65d2b (webtiles) character file.

Game seed: 10674281869080818029, levelgen mode: deterministic

37 Halfman the Caller (level 3, 0/21 HPs)
             Began as a Halfling Summoner on Apr 12, 2020.
             Hit by a goblin thrown by Robin (1 damage)
             ... on level 2 of the Dungeon.
             The game lasted 00:08:13 (1476 turns).

Halfman the Caller (Halfling Summoner)              Turns: 1476, Time: 00:08:14

Health: 0/21       AC:  2    Str:  9    XL:     3   Next: 60%
Magic:  0/5        EV: 15    Int: 14    God:
Gold:   69         SH:  0    Dex: 14    Spells: 2/5 levels left

rFire    . . .     SeeInvis .   a - +0 dagger
rCold    . . .     Gourm    .   (shield restricted)
rNeg     . . .     Faith    .   e - +0 robe
rPois    .         Spirit   .   (no helmet)
rElec    .         Reflect  .   (no cloak)
rCorr    .         Harm     .   (no gloves)
MR       .....                  (no boots)
Stlth    ++........             (no amulet)
HPRegen  0.07/turn              (no ring)
MPRegen  0.09/turn              (no ring)

@: very slightly contaminated
A: small, mutation resistance 1
a: no special abilities


You were on level 2 of the Dungeon.
You were hungry.

You visited 1 branch of the dungeon, and saw 2 of its levels.

You collected 69 gold pieces.

Inventory:

Hand Weapons
 a - a +0 dagger (weapon)
 m - a +0 hunting sling
Missiles
 b - 19 arrows
 g - 19 stones (quivered)
 l - 36 bolts
Armour
 e - a +0 robe (worn)
Scrolls
 f - a scroll of teleportation {unknown}
 h - a scroll of enchant armour {unknown}
 i - a scroll of amnesia {unknown}
 k - a scroll of fog {unknown}
Potions
 j - a potion of lignification {unknown}
Comestibles
 c - 2 rations
 n - 2 chunks of flesh


   Skills:
 - Level 2.5 Dodging
 + Level 2.7 Stealth
 + Level 1.9 Spellcasting
 * Level 3.7 Summonings


You had 2 spell levels left.
You knew the following spells:

 Your Spells              Type           Power        Failure   Level  Hunger
a - Summon Small Mammal   Summ           ##..         5%          1    ##.....
b - Call Imp              Summ           ##......     8%          2    ###....

Your spell library contained the following spells:

 Spells                   Type           Power        Failure   Level  Hunger
 Call Canine Familiar     Summ           ##......     16%         3    ####...
 Summon Guardian Golem    Hex/Summ       #.......     32%         3    ####...
 Summon Ice Beast         Ice/Summ       #.......     73%         4    #####..
 Summon Lightning Spire   Summ/Air       #.......     73%         4    #####..


Dungeon Overview and Level Annotations

Branches:
Dungeon (2/15)

Altars:

Annotations:
D:2 Robin


Innate Abilities, Weirdness & Mutations

You are small and have problems with some larger weapons.
You are somewhat resistant to further mutation.


Message History

You see here a stone.
Your crimson imp disappears in a puff of smoke!
Robin roars a battlecry!
Casting: Call Imp (safe; 8% risk of failure)
Confirm with . or Enter, or press ? or * to list all spells.
A beastly little devil appears in a puff of flame.
You are feeling hungry.
The goblin no longer looks unusually strong.
The goblin barely misses you.
The goblin shoots a stone.
The stone closely misses you.
Robin roars a battlecry!
The goblin goes into a battle-frenzy!
The goblin shoots a stone.
The stone barely misses you. Robin throws the goblin at you!
Your crimson imp closely misses the goblin.
The goblin shoots a stone.
The stone hits you.
* * * LOW HITPOINT WARNING * * *
You see here a stone.
Robin throws the goblin at you!
You die...

##### #.(.# ####..g####
#..<......#
#####...5.(...#
#...((..g.)@..#
######.###.......g.#
...?.....(...(.....##
###.######.##(..#...#####
# ###...(..(..#......
.......)..#...#####
.##..........#######
#.####....†....... ...
#(g##########


You could see Robin, 2 goblins and a friendly crimson imp.

Vanquished Creatures
  2 goblins (D:1)
  A hobgoblin (D:1)
  A bat (D:1)
  A frilled lizard (D:2)
5 creatures vanquished.

Vanquished Creatures (collateral kills)
  2 adders
  A dart slug (D:1)
  A leopard gecko (D:1)
  8 goblins
  4 hobgoblins
  3 ball pythons (D:1)
  3 bats (D:1)
  A kobold (D:2)
  3 rats (D:1)
26 creatures vanquished.

Grand Total: 31 creatures vanquished

Notes
Turn   | Place    | Note
-------+----------+-------------------------------------------
     0 | D:1      | Halfman the Halfling Summoner began the quest for the Orb.
     0 | D:1      | Reached XP level 1. HP: 11/11 MP: 3/3
   442 | D:1      | Reached XP level 2. HP: 17/17 MP: 0/4
   450 | D:1      | Learned a level 2 spell: Call Imp
   664 | D:1      | Reached XP level 3. HP: 11/21 MP: 1/5
  1425 | D:2      | Noticed Robin
  1437 | D:2      | HP: 1/21 [goblin[Robin] (5)]
  1446 | D:2      | HP: 1/21 [goblin[Robin] (1)]
  1475 | D:2      | HP: 1/21 [goblin/stone[Robin] (2)]
  1476 | D:2      | Hit by a goblin thrown by Robin

Levels and vault maps discovered:
D:1:      scummos_arrival_simple_crosswalls, layout_loops_ring,
          minmay_hedge_maze, minivault_19, minmay_shallow_snake_nest
D:2:      layout_loops_ring, uniq_robin

Action                   || total
-------------------------++-------
Melee: Dagger            ||    37
       Unarmed           ||     1
 Cast: Summon Small Mamm ||    18
       Call Imp          ||    17
  Use: Potion            ||     1
  Eat: Chunk             ||     3
Armor: Robe              ||     8
Dodge: Dodged            ||    54

Table legend:
 A = Non-vault XP
 B = Vault XP
 C = Vault XP percentage of total XP
 D = Non-vault monster count
 E = Vault monster count
 F = Vault count percentage of total count
                 A         B        C        D         E       F
            +---------+---------+-------+---------+---------+-------
      Total |      34 |      19 |  35.8 |      23 |       8 |  25.8
            +---------+---------+-------+---------+---------+-------
        D:1 |      24 |      14 |  36.8 |      19 |       3 |  13.6
        D:2 |      10 |       5 |  33.3 |       4 |       5 |  55.6
            +---------+---------+-------+---------+---------+-------
